AoeStats
← Cinnamoroll

Arena

505171634Analyzed
4v4 RM · 24d ago on Sep 8, 2026· 38m 40s· 8 players
Game mode
Random Map
Map size
Large (8 player)
Population
200
Speed
Normal
Resources
Standard
Victory
Conquest
Starting age
Dark Age
Ending age
Imperial Age
RankedLock teamsTeams togetherTeam positionsShared explorationLock speedFull tech treeHidden civsTurbo modeCheats
Victory
Defeat
🇨🇦 Turks · Canada
1548
+17
🇨🇱 Persians · Chile
1543
+17
🇧🇷 Maya · Brazil
1507
+18
🇺🇸 Magyars · United States
1464
+20
🇲🇽 Khitans · Mexico
1671
-23
🇲🇽 Koreans · Mexico
1564
-18
🇨🇴 Hindustanis · Colombia
1554
-18
🇲🇽 Georgians · Mexico
1449
-13
Cinnamoroll
11:48 Feudal Age
15:23 Castle Age
13:20 Horse Collar
13:32 Double-Bit Axe
16:14 Bow Saw
16:05 Heavy Plow
19:04 Loom
23:37 Wheelbarrow
26:51 Imperial Age
25:17 Padded Archer Armor
25:12 Gold Mining
25:20 Stone Mining
27:19 Fletching
28:02 Bodkin Arrow
30:08 Leather Archer Armor
37:08 Ring Archer Armor
Coolman916
8:29 Loom
10:17 Feudal Age
11:32 Loom
14:27 Castle Age
12:47 Horse Collar
13:32 Double-Bit Axe
16:40 Bow Saw
21:59 Wheelbarrow
21:53 Town Watch
28:08 Heavy Plow
29:40 Fletching
30:14 Ballistics
30:29 Bodkin Arrow
34:17 Imperial Age
32:05 Padded Archer Armor
33:13 Thumb Ring
33:15 Gold Mining
34:01 Bloodlines
33:51 Husbandry
35:23 Gold Shaft Mining
35:07 Bracer
36:59 Chemistry
37:15 Leather Archer Armor
37:36 Recurve Bow
38:15 Parthian Tactics
38:41 Ring Archer Armor
David Rasie
10:49 Feudal Age
14:25 Castle Age
12:49 Horse Collar
13:15 Double-Bit Axe
17:38 Husbandry
17:46 Light Cavalry
20:17 Bow Saw
22:35 Wheelbarrow
23:50 Bloodlines
25:12 Scale Barding Armor
25:29 Heavy Plow
26:29 Chain Barding Armor
27:38 Forging
28:22 Hand Cart
32:53 Imperial Age
31:00 Loom
31:34 Gold Mining
31:35 Stone Mining
31:47 Town Watch
32:42 Iron Casting
32:32 Heavy Camel Rider
32:32 Cavalier
33:34 Conscription
34:45 Two-Man Saw
34:23 Crop Rotation
34:09 Masonry
35:15 Hoardings
35:24 Plate Barding Armor
36:04 Blast Furnace
37:37 Fletching
38:25 Gold Shaft Mining
37:25 Cavalier
39:07 Architecture
Tylenol
10:47 Feudal Age
14:37 Castle Age
12:50 Double-Bit Axe
12:46 Horse Collar
15:55 Bow Saw
15:47 Heavy Plow
22:54 Wheelbarrow
22:41 Gold Mining
28:11 Imperial Age
25:47 Stone Mining
26:37 Hand Cart
26:53 Forging
27:41 Stone Shaft Mining
27:31 Squires
27:47 Scale Mail Armor
27:23 Pikeman
28:02 Loom
28:05 Town Watch
29:39 Iron Casting
29:25 Arson
30:15 Chain Mail Armor
29:27 Capped Ram
31:34 Two-Man Saw
31:05 Crop Rotation
30:08 Halberdier
31:50 Plate Mail Armor
33:03 Blast Furnace
32:14 Eagle Warrior
33:39 Conscription
34:06 Siege Ram
34:52 Elite Eagle Warrior
36:06 Town Patrol
35:58 Fletching
36:43 Holcans
38:17 Treadmill Crane
38:47 Masonry
38:56 Fletching
Darkness__
11:11 Feudal Age
14:48 Castle Age
13:10 Double-Bit Axe
14:15 Horse Collar
17:27 Loom
23:34 Loom
24:25 Wheelbarrow
23:39 Town Watch
28:45 Imperial Age
26:18 Light Cavalry
28:10 Scale Barding Armor
28:45 Bloodlines
31:16 Imperial Age
32:44 Imperial Age
30:56 Forging
César UAM
11:48 Feudal Age
15:36 Castle Age
15:42 Double-Bit Axe
18:05 Fletching
22:19 Bodkin Arrow
32:17 Wheelbarrow
35:27 Imperial Age
32:44 Loom
33:07 Horse Collar
33:57 Hand Cart
34:30 Heavy Plow
36:14 Bracer
36:31 Gold Mining
36:30 Elite Skirmisher
37:16 Thumb Ring
38:26 Ballistics
39:08 Chemistry
EXILE | LauraHero
5:15 Loom
11:09 Feudal Age
11:32 Feudal Age
12:48 Feudal Age
14:05 Double-Bit Axe
16:46 Castle Age
14:42 Horse Collar
17:57 Double-Bit Axe
18:14 Heavy Plow
18:52 Wheelbarrow
23:16 Bow Saw
23:22 Loom
23:27 Town Watch
25:00 Hand Cart
24:54 Gold Mining
27:12 Stone Mining
30:13 Imperial Age
28:38 Scale Barding Armor
28:44 Forging
29:20 Bloodlines
29:10 Husbandry
31:19 Chain Barding Armor
31:35 Iron Casting
31:48 Crop Rotation
30:44 Cavalier
32:21 Conscription
33:12 Fletching
33:23 Padded Archer Armor
33:42 Elite Skirmisher
34:36 Bodkin Arrow
35:51 Plate Barding Armor
35:58 Bracer
36:53 Leather Archer Armor
37:38 Blast Furnace
36:16 Light Cavalry
36:52 Hussar
39:00 Ballistics
38:49 Scale Mail Armor
loco_angel
9:50 Feudal Age
14:09 Castle Age
12:31 Double-Bit Axe
12:46 Domestication
21:25 Bow Saw
23:49 Wheelbarrow
24:06 Scale Barding Armor
24:12 Forging
23:57 Gold Mining
24:41 Loom
26:17 Husbandry
31:35 Imperial Age
30:05 Iron Casting
29:22 Light Cavalry
30:47 Padded Archer Armor
31:24 Fletching
31:52 Leather Archer Armor
31:09 Heavy Cavalry Archer
32:35 Chain Barding Armor
32:12 Bodkin Arrow
33:36 Chemistry
33:20 Parthian Tactics
32:43 Capped Ram
33:33 Thumb Ring
33:56 Hand Cart
33:44 Bracer
34:17 Ring Archer Armor
34:49 Ballistics
34:08 Siege Ram
34:56 Pastoralism
36:30 Two-Man Saw
36:35 Hussar
Connection lost

Rejoining the realm…

Still unreachable

The connection could not be restored.

Session expired

The server has moved on; the page needs a fresh start.